 Dungeon Crawl Stone Soup version 0.31-a0-844-gdc52ec4e09 (webtiles) character file.

Game seed: 14911125748085265966

1990 Dirtsage the Cleaver (level 9, 0/63 HPs)
             Began as a Demonspawn Berserker on Sept 28, 2023.
             Was an Elder of Trog.
             Slain by a hornet (9 damage)
             ... on level 6 of the Dungeon.
             The game lasted 00:07:38 (5245 turns).

Dirtsage the Cleaver (Demonspawn Berserker)         Turns: 5245, Time: 00:07:38

Health: 0/63       AC:  9    Str: 21    XL:     9   Next: 1%
Magic:  9/9        EV: 10    Int: 10    God:    Trog [****..]
Gold:   295        SH:  0    Dex: 12    Spells: 8/8 levels left

rFire   + . .        c - +0 war axe
rCold   . . .        (no shield)
rNeg    . . .        k - +0 scale mail
rPois   .            p - +0 helmet
rElec   .            (no cloak)
rCorr   .            o - +1 pair of gloves
SInv    .            (no boots)
Will    .....        (no amulet) Stlth
                     F - ring of protection from fire
HPRegen 0.30/turn    (no ring)
MPRegen 0.11/turn

%: no passive effects
@: confused, lethally poisoned (0 -> -5), ambrosia-drunk, slowed, invisible,
very slow
A: large bone plates 1, foul stench 1, demonic touch 1
a: Renounce Religion, Berserk, Trog's Hand, Brothers in Arms


You were on level 6 of the Dungeon.
You worshipped Trog.
Trog was greatly pleased with you.
You visited 2 branches of the dungeon, and saw 7 of its levels.

You collected 295 gold pieces.

Inventory:

Hand Weapons
 a - a +0 hand axe
 c - a +0 war axe (weapon)
Missiles
 v - 5 silver javelins
 x - 2 throwing nets
Armour
 b - a +0 animal skin
 k - a +0 scale mail (worn)
 o - a +1 pair of gloves (worn)
 p - a +0 helmet (worn)
Jewellery
 g - a ring of ice
 F - a ring of protection from fire (left hand)
Wands
 n - a wand of flame (22)
 y - a wand of mindburst (14)
Scrolls
 e - 2 scrolls of vulnerability {unknown}
 f - a scroll of poison {unknown}
 h - 2 scrolls of enchant weapon {unknown}
 q - a scroll of amnesia {unknown}
 t - 7 scrolls of identify {unknown}
 w - a scroll of teleportation {unknown}
Potions
 d - a potion of degeneration {unknown}
 i - 2 potions of berserk rage {unknown}
 j - 2 potions of invisibility
 l - a potion of might {unknown}
 m - 2 potions of ambrosia
 r - a potion of brilliance {unknown}
 s - 2 potions of cancellation {unknown}
 u - 2 potions of heal wounds {unknown}
 z - a potion of curing {unknown}
 A - a potion of resistance {unknown}
 B - a potion of haste {unknown}
 C - a potion of magic {unknown}


   Skills:
 - Level 3.0 Fighting
 + Level 11.1 Axes
 - Level 1.7 Armour
 - Level 1.7 Dodging


You had 8 spell levels left.
You didn't know any spells.
Your spell library contained the following spells:

 Spells                   Type           Power      Damage    Failure   Level
 Sting                    Tmut/Pois      0%         1d3       71%         1
 Blink                    Tloc           0%         N/A       85%         2
 Poisonous Vapours        Pois/Air       0%         N/A       85%         2
 Mephitic Cloud           Conj/Pois/Air  0%         N/A       97%         3
 Ozocubu's Armour         Ice            0%         N/A       97%         3
 Manifold Assault         Tloc           0%         N/A       100%        4
 Olgreb's Toxic Radiance  Pois           0%         N/A       100%        4
 Freezing Cloud           Conj/Ice/Air   0%         6-21      100%        5
 Metabolic Englaciation   Hex/Ice        0%         N/A       100%        5
 Simulacrum               Ice/Necr       0%         N/A       100%        6


Dungeon Overview and Level Annotations

Branches:
Dungeon (6/15)             Temple (1/1) D:5

Altars:
Ashenzari
Cheibriados
Dithmenos
Fedhas
Gozag
Hepliaklqana
Makhleb
Nemelex Xobeh
Trog
Vehumet
Wu Jian
Xom

Portals:
Abyss: D:4


Innate Abilities, Weirdness & Mutations

You are partially covered in large bone plates. (SH +4)
You may rarely emit foul miasma when damaged in melee.
Your touch may inflict minor irresistible damage on your foes.


Message History

You feel very sick. The hornet closely misses you. The hornet stings you!
You are more poisoned.
You feel as though you will be slow longer.
You take 11 damage, and have 48/63 hp.
You miss the hornet.
The hornet is almost dead.
You feel extremely sick. The hornet stings you!
You feel as though you will be slow longer.
The hornet stings you!
You feel as though you will be slow longer.
The hornet stings you!
* * * LOW HITPOINT WARNING * * *
You are more poisoned.
You feel as though you will be slow longer.
You take 35 damage, and have 13/63 hp.
MASSIVE DAMAGE!!
You are too injured to fight recklessly!
You are too injured to fight recklessly!
It was a potion of invisibility.
You fade into invisibility!
* * * LOW HITPOINT WARNING * * *
You feel extremely sick. The hornet closely misses you.
The hornet barely misses you.
You take 8 damage, and have 5/63 hp.
It was a potion of ambrosia.
You are confused.
You feel invigorated.
* * * LOW HITPOINT WARNING * * *
You feel very sick.
The hornet stings you but does no damage.
The hornet barely misses you.
You barely miss the hornet.
The hornet is severely wounded.
* * * LOW HITPOINT WARNING * * *
You feel very sick. The hornet barely misses you.
The hornet closely misses you.
You feel very sick. The hornet stings you!
You die...

#...<.## ###
#......###.#
#.......#(.#
#..........###
#.........##
#.........##
..####..#..##
.# #..###.##
##.. #y@#
#....### #...#
#.## #


You could see a hornet (unable to see you).

Vanquished Creatures
  Jeremiah (D:6)
  Prince Ribbit (D:6)
  The ghost of WhatIsLove the Magician, an amateur DjFE (D:4)
  A sky beast (D:5)
  An ogre (D:6)
  A centaur (D:5)
  2 bullfrogs (D:6)
  5 scorpions
  A small abomination (D:4)
  A quasit (D:4)
  2 jellies
  2 gnoll boudas
  An orc priest (D:5)
  3 hounds
  Terence (D:2)
  2 iguanas
  2 orc wizards
  7 adders
  6 gnolls
  2 shadow imps
  An ufetubus (D:4)
  3 worms
  4 dart slugs
  8 orcs
  6 ball pythons
  6 endoplasms
  A giant cockroach (D:2)
  10 goblins
  7 hobgoblins
  4 jackals (D:3)
  4 kobolds
  2 quokkas
  7 bats
  4 frilled lizards
  12 rats
122 creatures vanquished.

Notes
Turn   | Place    | Note
-------+----------+-------------------------------------------
     0 | D:1      | Dirtsage the Demonspawn Berserker began the quest for the
                  | Orb.
     0 | D:1      | Reached XP level 1. HP: 18/18 MP: 1/1
   145 | D:1      | Reached skill level 3 in Axes
   193 | D:1      | Gained mutation: You may rarely emit foul miasma when
                  | damaged in melee. [demonic ancestry]
   193 | D:1      | Reached XP level 2. HP: 24/24 MP: 2/2
   537 | D:1      | Reached ** piety under Trog
   851 | D:2      | Reached skill level 4 in Axes
   851 | D:2      | Reached XP level 3. HP: 29/29 MP: 3/3
  1026 | D:2      | Noticed Terence
  1034 | D:2      | Killed Terence
  1035 | D:2      | Reached XP level 4. HP: 35/35 MP: 4/4
  1325 | D:3      | Reached skill level 5 in Axes
  1620 | D:3      | Found a faded altar of an unknown god.
  1927 | D:3      | Gained mutation: You are partially covered in large bone
                  | plates. (SH +4) [demonic ancestry]
  1927 | D:3      | Reached XP level 5. HP: 41/41 MP: 5/5
  1945 | D:3      | Reached *** piety under Trog
  2110 | D:4      | Found a transporter.
  2115 | D:4      | Found a one-way gate to the infinite horrors of the Abyss.
  2115 | D:4      | Noticed WhatIsLove's ghost (amateur DjFE)
  2339 | D:4      | Found a transporter.
  2362 | D:4      | Reached skill level 6 in Axes
  2400 | D:4      | Gained mutation: Your touch may inflict minor irresistible
                  | damage on your foes. [demonic ancestry]
  2400 | D:4      | Reached XP level 6. HP: 36/47 MP: 6/6
  2538 | D:4      | Found a sparkling altar of Nemelex Xobeh.
  2798 | D:4      | Reached skill level 7 in Axes
  2810 | D:4      | Killed WhatIsLove's ghost
  2811 | D:4      | Reached XP level 7. HP: 48/52 MP: 7/7
  2966 | D:5      | Entered Level 5 of the Dungeon
  3105 | D:5      | Found a staircase to the Ecumenical Temple.
  3114 | D:5      | Reached skill level 8 in Axes
  3126 | Temple   | Entered the Ecumenical Temple
  3416 | D:5      | Reached skill level 9 in Axes
  3416 | D:5      | Reached XP level 8. HP: 32/58 MP: 8/8
  3516 | D:5      | Found a shadowy altar of Dithmenos.
  3518 | D:5      | Found a hazy altar of Hepliaklqana.
  3519 | D:5      | Found a snail-covered altar of Cheibriados.
  4124 | D:6      | Reached **** piety under Trog
  4162 | D:6      | Noticed Prince Ribbit
  4189 | D:6      | Killed Prince Ribbit
  4190 | D:6      | Reached skill level 10 in Axes
  4640 | D:6      | Noticed Jeremiah
  4666 | D:6      | Killed Jeremiah
  4667 | D:6      | Reached skill level 11 in Axes
  4667 | D:6      | Reached XP level 9. HP: 7/63 MP: 9/9
  5245 | D:6      | Slain by a hornet

Illustrated notes

Levels and vault maps discovered:
D:1:      heliophobic_arrival_ceremonial_halls, layout_loops_ring,
          minmay_tetromino_t4
D:2:      layout_rooms, uniq_terence
D:3:      layout_basic, chequers_ecumenical_altar_simple, kennysheep_donut
D:4:      layout_gridville, nemelex_spade_bored_becter,
          gammafunk_ghost_abyssal_escape
D:5:      layout_basic, chequers_temple_overflow_statue_of_worship,
          minmay_temple_entry_sparse_star
D:6:      layout_layer_cave, uniq_prince_ribbit1, uniq_jeremiah
Temple:   nicolae_temple_ecumenical_triangle

Skill      XL: |  1  2  3  4  5  6  7  8 |
---------------+-------------------------+-----
Axes           | 3 4 5 6 7 9 11 | 11.1
Fighting       | |  3.0
Armour         | |  1.7
Dodging        | |  1.7

Action                     |  1- 3 |  4- 6 |  7- 9 || total
---------------------------+-------+-------+-------++-------
  Melee: War axe           |    76 |   163 |   154 ||   393
         Hand axe          |     1 |       |       ||     1
         Touch             |       |     5 |    24 ||    29
 Invoke: Berserk           |     2 |     2 |     3 ||     7
    Use: Potion            |       |       |     2 ||     2
 Armour: Animal skin       |    36 |       |       ||    36
         Scale mail        |       |   118 |    94 ||   212
  Dodge: Dodged            |    66 |    94 |    67 ||   227
  Block: Other             |       |    21 |    27 ||    48

Table legend: (Time is in decaauts)
 A = Elapsed time spent in this place.
 B = Non-inter-level travel time spent in this place.
 C = Inter-level travel time spent in this place.
 D = Time resting spent in this place.
 E = Time spent auto-exploring this place.
 F = Levels seen in this place.
 G = Mean time per level.
                   A        B        C        D        E       F      G
               +--------+--------+--------+--------+--------+-----+--------+
         Total |   5368 |   5193 |    175 |    540 |   3822 |   7 |  766.9 |
       Dungeon |   5367 |   5192 |    175 |    540 |   3822 |   6 |  894.5 |
        Temple |      1 |      1 |      0 |      0 |      0 |   1 |    1.0 |
               +--------+--------+--------+--------+--------+-----+--------+

Top non-repeatable levels by time:
     D:6: 1212 daAuts
     D:5: 1098 daAuts
     D:4: 892 daAuts
     D:1: 862 daAuts
     D:3: 799 daAuts
     D:2: 502 daAuts
  Temple: 1 daAuts
